 Dungeon Crawl Stone Soup version 0.25.0-46-gbd7b0854d2 (webtiles) character file.

Game seed: 13002366010345531679

33 Descartes the Sneak (level 3, -1/14 HPs)
             Began as a Felid Enchanter on July 17, 2020.
             Slain by a gnoll
             ... wielding a +0 spear
              (6 damage)
             ... on level 2 of the Dungeon.
             The game lasted 00:02:07 (2368 turns).

Descartes the Sneak (Felid Enchanter)               Turns: 2368, Time: 00:02:08

Health: -1/14      AC:  1    Str:  4    XL:     3   Next: 12%
Magic:  7/7        EV: 19    Int: 17    God:
Gold:   94         SH:  0    Dex: 16    Spells: 5/6 levels left
                                        Lives:  0   Deaths: 0

rFire    . . .     SeeInvis +     - Unarmed
rCold    . . .     Gourm    .   (shield unavailable)
rNeg     . . .     Faith    .   (armour unavailable)
rPois    .         Spirit   .   (helmet unavailable)
rElec    .         Reflect  .   (cloak unavailable)
rCorr    .         Harm     .   (gloves unavailable)
MR       .....                  (boots unavailable)
Stlth    +++.......             (no amulet)
HPRegen  0.04/turn              (no ring)
MPRegen  0.10/turn              (no ring)

@: quick
A: very small, no armour, no weapons or thrown items, stealth, claws 1, fangs 3,
see invisible, carnivore, speed 1, shaggy fur 1, slow metabolism 1, sharp paws
a: no special abilities


You were on level 2 of the Dungeon.
You were very full.

You visited 1 branch of the dungeon, and saw 2 of its levels.

You collected 94 gold pieces.

Inventory:

Missiles
 c - 10 arrows
 e - 32 stones
Jewellery
 i - a +4 ring of evasion {unknown}
Scrolls
 f - a scroll of immolation {unknown}
 g - a scroll of random uselessness {unknown}
 j - a scroll of identify {unknown}
Potions
 a - a potion of magic {unknown}
 d - a potion of flight {unknown}
Comestibles
 b - 2 rations


   Skills:
 + Level 3.9 Dodging
 + Level 5.1 Stealth
 - Level 1.0 Unarmed Combat
 - Level 2.0 Spellcasting
 - Level 4.4 Hexes


You had 5 spell levels left.
You knew the following spells:

 Your Spells              Type           Power        Failure   Level  Hunger
a - Corona                Hex            ###....      3%          1    #......

Your spell library contained the following spells:

 Spells                   Type           Power        Failure   Level  Hunger
 Confusing Touch          Hex            ###.....     10%         3    ###....
 Tukima's Dance           Hex            ###.....     10%         3    ###....
 Ensorcelled Hibernation  Hex/Ice        #.....       12%         2    ###....
 Dazzling Flash           Conj/Hex       #.....       24%         3    ###....


Dungeon Overview and Level Annotations

Branches:
Dungeon (2/15)

Altars:


Innate Abilities, Weirdness & Mutations

You cannot wear armour.
You are incapable of wielding weapons or throwing items.
Your paws allow you to move quietly. (Stealth)
You have sharp claws.
You have razor-sharp teeth.
You have supernaturally acute eyesight. (SInv)
You are carnivorous and can eat meat at any time.
You cover ground quickly.
You are covered in fur. (AC +1)
You have a slow metabolism.
Your sharp claws are effective at attacking unaware monsters.


Message History

Found 7 gold pieces.
a - a yellow potion You now have 94 gold pieces (gained 10).
e - 27 stones (gained 13)
e - 32 stones (gained 5)
Found a +0 spear.
The gnoll is too close now for your liking.
The gnoll shouts!
You closely miss the gnoll. The gnoll closely misses you. x2
You scratch the gnoll.
The gnoll is moderately wounded.
The gnoll barely misses you. The gnoll misses you.
You scratch the gnoll but do no damage.
The gnoll is moderately wounded.
The gnoll misses you.
The gnoll hits you with a +3 hand axe of freezing.
The gnoll freezes you.
You are too injured to fight recklessly!
The gnoll hits you from afar with a +0 spear.
You die...

. #.. #......#.#.#### .. ...
....###......#.#..... ..# ..# .
...........#.###... #.. ..#
.###.#.....##.#...#.#. ...
#.##.#...#.....##...#...#.
#..#####.##.#..#...!.....#.#####.
#...g..#.......#.#.......#.......
#....#g#.#........#..............
##..g#...<....g.@................
...#g###.........................
##.#.###.......g.................
#!#...<.#.......................
# #..##.##...............^......
##.##.########)...............
.[...# #................ ###.#.#
#.####........... ...#
#...........


You could see 2 gnolls.

Vanquished Creatures
  A gnoll (D:1)
  A leopard gecko (D:1)
  2 bats (D:1)
  2 giant cockroaches (D:1)
  A goblin (D:1)
  4 hobgoblins (D:1)
  A kobold (D:1)
  2 frilled lizards (D:1)
  9 rats (D:1)
23 creatures vanquished.

Notes
Turn   | Place    | Note
-------+----------+-------------------------------------------
     0 | D:1      | Descartes the Felid Enchanter began the quest for the Orb.
     0 | D:1      | Reached XP level 1. HP: 7/7 MP: 4/4
   147 | D:1      | Reached XP level 2. HP: 11/11 MP: 6/6
  1710 | D:1      | Reached skill level 5 in Stealth
  1710 | D:1      | Reached XP level 3. HP: 6/14 MP: 7/7
  2368 | D:2      | Slain by a gnoll

Illustrated notes

Levels and vault maps discovered:
D:1:      dpeg_arrival_ratfight, layout_basic, serial_rivers,
          chequers_serial_rivers_room_b, chequers_serial_rivers_micro_d,
          chequers_serial_rivers_micro_c, chequers_serial_rivers_micro_e,
          columned_hall_lemuel, minmay_tromino_v7
D:2:      layout_basic

Skill      XL: |  1  2 |
---------------+-------+-----
Dodging        | 3 |  3.9
Stealth        | 5 |  5.1
Unarmed Combat | |  1.0
Spellcasting   | |  2.0
Hexes          | |  4.4

Action                   || total
-------------------------++-------
Melee: Unarmed           ||    68
       Bite              ||     2
  Use: Potion            ||     1
 Stab: Sleeping          ||    12
  Eat: Chunk             ||     9
Armor: Skin              ||     3
Dodge: Dodged            ||    51
